Map: [ESL] Hecate

Players

Jieshi - Winner!

  • Race: Protoss Protoss
  • Spawn Location: 7:00

Has

  • Race: Protoss Protoss
  • Spawn Location: 1:00

Event: ESL SC2 Masters 2023 Winter (Regional)

VOD

Have the link to the VOD?

Description

Time

  • Played on: Oct. 29, 2023, 7:20 a.m.
  • Length: 8:00

All games in this series

Show
View Real Time Build Order
Export as new Build Order

Jieshi Protoss - Winner!

Build Orders:  

Get SALT Encoding   

  12  0:00  Probe  
  13  0:12  Probe  
  14  0:18  Pylon  
  14  0:25  Probe (Chrono Boost)  
  15  0:37  Probe (Chrono Boost)  
  15  0:38  Gateway  
  16  0:44  Probe (Chrono Boost)  
  16  0:47  Assimilator  
  17  0:51  Probe  
  18  0:57  Assimilator  
  18  1:03  Probe (Chrono Boost)  
  19  1:08  Gateway  
  19  1:13  Probe (Chrono Boost)  
  19  1:18  Probe (Chrono Boost)  
  20  1:25  Cybernetics Core  
  21  1:30  Probe  
  22  1:34  Pylon  
  22  1:42  Probe  
  24  1:54  Probe  
  24  2:01  Warp Gate  
  24  2:02  Adept x2  
  28  2:10  Robotics Facility  
  28  2:17  Pylon  
  28  2:32  Stalker  
  28  2:35  Stalker  
  32  2:48  Gateway  
  32  2:57  Shield Battery  
  32  3:02  Immortal (Chrono Boost)  
  34  3:15  Sentry  
  36  3:28  Pylon  
  36  3:31  Warp Prism (Chrono Boost)  
  36  3:50  Stalker x3  
  42  4:00  Observer  
  43  4:14  Pylon  
  43  4:19  Immortal (Chrono Boost)  
  47  4:33  Adept x3  
  53  4:48  Pylon  
  53  4:54  Observer  
  53  4:55  Sentry  
  55  5:02  Pylon  
  55  5:08  Adept  
  55  5:09  Adept  
  59  5:19  Adept  
  61  5:43  Adept  
  61  5:44  Adept x2  
  61  5:45  Immortal  
  67  6:19  Adept x2  
  67  6:22  Pylon  
  67  6:25  Stargate  
  69  6:44  Immortal  
  69  6:45  Adept x2  
  69  6:46  Adept  
  67  7:06  Adept x2  
  67  7:07  Adept  
  69  7:13  Phoenix (Chrono Boost)  
  69  7:14  Observer  
  71  7:29  Phoenix (Chrono Boost)  
  71  7:31  Adept  
  73  7:50  Adept x2  
  65  7:55  Adept  
Show
View Real Time Build Order
Export as new Build Order

Has Protoss 

Build Orders:  

Get SALT Encoding   

  12  0:00  Probe  
  13  0:12  Probe  
  14  0:18  Pylon  
  14  0:24  Probe (Chrono Boost)  
  15  0:37  Gateway  
  15  0:38  Probe (Chrono Boost)  
  16  0:42  Probe (Chrono Boost)  
  16  0:45  Assimilator  
  17  0:53  Probe  
  18  0:59  Assimilator  
  18  1:05  Probe  
  18  1:09  Gateway  
  19  1:17  Probe  
  20  1:24  Cybernetics Core  
  20  1:28  Pylon  
  20  1:31  Probe  
  21  1:43  Probe  
  22  1:57  Warp Gate (Chrono Boost)  
  22  2:00  Adept x2  
  27  2:04  Robotics Facility  
  27  2:06  Probe  
  27  2:18  Pylon  
  27  2:35  Adept x2  
  30  2:51  Gateway  
  30  2:53  Observer (Chrono Boost)  
  31  3:09  Stalker x2  
  33  3:14  Warp Prism (Chrono Boost)  
  33  3:44  Immortal (Chrono Boost)  
  33  3:48  Sentry  
  39  3:50  Pylon  
  39  3:57  Pylon  
  39  4:09  Stalker x2  
  43  4:11  Adept  
  45  4:28  Immortal  
  49  4:48  Stalker x2  
  49  4:52  Pylon  
  53  5:04  Shield Battery  
  53  5:05  Sentry  
  55  5:15  Immortal (Chrono Boost)  
  59  5:32  Pylon  
  59  5:43  Adept x2  
  62  5:51  Adept  
  61  6:07  Sentry  
  62  6:17  Adept  
  63  6:25  Sentry  
  58  6:42  Sentry, Adept  
  58  6:44  Probe  
  59  6:57  Adept  
  57  7:07  Adept x2  
  61  7:09  Probe  
  62  7:17  Observer (Chrono Boost)  
  62  7:21  Probe  
  64  7:32  Adept x2  
  64  7:34  Adept  
  70  7:38  Pylon  
  70  7:39  Pylon  
  52  7:52  Adept x2  
Tags
 
Add a new tag
Caveats
  • Supply blocks, unpowered buildings, or Contaminate may cause inaccurate times.
  • Supply counts are checked every 10 seconds.